 Dungeon Crawl Stone Soup version 0.20.1-1-g8b1a95d (webtiles) character file.

1386 McKennaii the Insei (level 8, -14/51 HPs)
             Began as an Octopode Transmuter on Aug 10, 2017.
             Demolished by Prince Ribbit (17 damage)
             ... on level 5 of the Dungeon.
             The game lasted 00:11:01 (6170 turns).

McKennaii the Insei (Octopode Transmuter)           Turns: 6170, Time: 00:11:02

Health: -14/51     AC:  4    Str:  9    XL:     8   Next: 67%
Magic:  12/12      EV: 14    Int: 17    God:
Gold:   225        SH:  0    Dex: 13    Spells: 6/12 levels left

rFire    . . .     SeeInvis .     - Unarmed
rCold    . . .     Gourm    +   (no shield)
rNeg     . . .     Faith    .   (helmet restricted)
rPois    .         Spirit   .   r - amulet of the gourmand
rElec    .         Reflect  .   l - ring of protection from magic
rCorr    .         Harm     .   u - +3 ring of protection
MR       +....                  (no ring)
Stlth    ++++......             (no ring)
Regen    0.2/turn               (no ring)
MPRegen  0.2/turn               (no ring)
                                (no ring)
                                (no ring)

@: no status effects
A: almost no armour, stealthy swim, amphibious, 8 rings, constrict 8, camouflage
1, gelatinous body 1
a: no special abilities


You were on level 5 of the Dungeon.
You were not hungry.

You visited 1 branch of the dungeon, and saw 5 of its levels.

You collected 225 gold pieces.

Inventory:

Missiles
 a - 44 arrows
Jewellery
 l - a ring of protection from magic (left tentacle)
 r - an amulet of the gourmand (around mantle)
 u - a +3 ring of protection (right tentacle)
Scrolls
 d - a scroll of fog {unknown}
 e - 5 scrolls of identify
 h - a scroll of recharging {unknown}
 i - a scroll of amnesia {unknown}
 j - 4 scrolls of remove curse {unknown}
 m - a scroll of enchant armour {unknown}
 n - a scroll of teleportation {unknown}
 o - a scroll of random uselessness {unknown}
 q - a scroll of enchant weapon {unknown}
Potions
 g - a potion of lignification
 p - a potion of curing {unknown}
 v - a potion of berserk rage {unknown}
 w - a potion of flight {unknown}
Books
 b - a book of Changes

   Spells                             Type                      Level
   a - Beastly Appendage              Transmutation                1
   b - Sticks to Snakes               Transmutation                2
   c - Spider Form                    Transmutation/Poison         3
   d - Ice Form                       Ice/Transmutation            4
   e - Blade Hands                    Transmutation                5
 t - a book of Frost

   Spells                             Type                      Level
   a - Freeze                         Ice                          1
   b - Throw Frost                    Conjuration/Ice              2
   c - Ozocubu's Armour               Charms/Ice                   3
   d - Throw Icicle                   Conjuration/Ice              4
   e - Summon Ice Beast               Ice/Summoning                4
Comestibles
 c - 3 bread rations
 f - 2 meat rations
 k - 2 fruits
 s - a royal jelly


   Skills:
 + Level 2.3 Fighting
 + Level 3.4 Dodging
 + Level 6.5 Stealth
 + Level 7.3 Unarmed Combat
 + Level 2.9 Spellcasting
 * Level 4.8 Transmutations
 + Level 1.3 Poison Magic


You had 6 spell levels left.
You knew the following spells:

 Your Spells              Type           Power        Failure   Level  Hunger
a - Beastly Appendage     Tmut           ###...       2%          1    #......
b - Sticks to Snakes      Tmut           ###.....     3%          2    ##.....
c - Spider Form           Tmut/Pois      ##........   16%         3    ###....


Dungeon Overview and Level Annotations

Branches:
Dungeon (5/15)
 Temple: D:4-7

Altars:
Ashenzari
Fedhas

Annotations:
D:3 Turtleman12345's ghost, amateur DEWz
D:5 Prince Ribbit


Innate Abilities, Weirdness & Mutations

You cannot wear most types of armour.
You are very stealthy in the water. (Stealth+)
You are amphibious.
You can wear up to eight rings at the same time.
You can use your tentacles to constrict eight enemies at once.
Your skin changes colour to match your surroundings (Stealth+).
Your rubbery body absorbs attacks. (AC +1, EV +1)


Message History

Prince Ribbit hits you!
Prince Ribbit blinks!
Prince Ribbit blinks!
Prince Ribbit croaks regally.
Your ball python withers and dies!
Prince Ribbit blinks!
The gnoll hits you from afar with a spear.
* * * LOW HITPOINT WARNING * * *
Things that are here:
a hand axe; a scale mail
Okay, then.
Prince Ribbit blinks!
Prince Ribbit hits you.
* * * LOW HITPOINT WARNING * * *
Prince Ribbit blinks!
Prince Ribbit blinks!
Prince Ribbit hits you!
* * * LOW HITPOINT WARNING * * *
Prince Ribbit hits you!
You die...

#..............#
..#..............#
#.#..............#
#)#..............#
#.#..............#
#####.#..............#
.#....................#
.........F............#
#........@...........#
#.....#..####...######
#.....#.g# #.###
########.## #.# #g.#
#.##### #..# #.#...#
#..###.#.#.#####
#...##...#..)..# .
##+#.##########.#


You could see Prince Ribbit and 2 gnolls.

Vanquished Creatures
  Pikel (D:3)
  A phantom (D:4)
  A slave (D:3)
  A bullfrog (D:4)
  The ghost of Sharkie the Sneak, a weakling NaTm (D:4)
  3 jellies (D:3)
  2 hounds (D:4)
  3 orc priests
  4 orc wizards
  2 worker ants (D:4)
  2 gnolls (D:5)
  4 adders
  8 oozes
  An adder skeleton (D:4)
  4 dart slugs
  3 leopard geckos
  6 orcs
  A ball python (D:2)
  5 giant cockroaches
  10 goblins
  9 hobgoblins
  6 jackals (D:1)
  2 quokkas
  12 bats
  4 frilled lizards
  17 kobolds
  8 rats
  A plant (D:1)
122 creatures vanquished.

Vanquished Creatures (collateral kills)
  Sigmund (D:5)
  Menkaure (D:5)
  A giant cockroach (D:5)
3 creatures vanquished.

Vanquished Creatures (others)
  A hound (D:4)
  9 fungi (D:3)
  5 toadstools (D:3)
15 creatures vanquished.

Grand Total: 140 creatures vanquished

Notes
Turn   | Place    | Note
-------+----------+-------------------------------------------
     0 | D:1      | McKennaii the Octopode Transmuter began the quest for the Orb.
     0 | D:1      | Reached XP level 1. HP: 13/13 MP: 3/3
    55 | D:1      | Reached skill level 1 in Stealth
   336 | D:1      | Reached XP level 2. HP: 7/18 MP: 5/5
   796 | D:1      | Reached XP level 3. HP: 20/23 MP: 6/6
  1590 | D:2      | Reached XP level 4. HP: 12/28 MP: 7/7
  1798 | D:2      | Learned a level 2 spell: Sticks to Snakes
  1802 | D:2      | Learned a level 3 spell: Spider Form
  1834 | D:2      | Found a blossoming altar of Fedhas.
  2927 | D:3      | Noticed Turtleman12345's ghost (amateur DEWz)
  3377 | D:4      | Noticed a bullfrog
  3386 | D:4      | Killed a bullfrog
  3386 | D:4      | Reached skill level 4 in Unarmed Combat
  3386 | D:4      | Reached XP level 5. HP: 29/33 MP: 8/8
  3429 | D:4      | Found a shattered altar of Ashenzari.
  3548 | D:4      | Noticed Sigmund
  3772 | D:4      | Reached XP level 6. HP: 23/39 MP: 9/9
  4424 | D:3      | Found a blossoming altar of Fedhas.
  4657 | D:3      | Reached skill level 5 in Unarmed Combat
  5099 | D:4      | Reached XP level 7. HP: 45/45 MP: 6/10
  5106 | D:4      | Reached skill level 5 in Stealth
  5163 | D:4      | Noticed Pikel
  5169 | D:4      | Noticed Sharkie's ghost (weakling NaTm)
  5226 | D:3      | Killed Pikel
  5226 | D:3      | Reached skill level 6 in Unarmed Combat
  5226 | D:3      | Reached XP level 8. HP: 15/51 MP: 8/11
  5452 | D:4      | Killed Sharkie's ghost
  5575 | D:4      | Reached skill level 1 in Poison Magic
  5782 | D:5      | Entered Level 5 of the Dungeon
  5806 | D:5      | Reached skill level 7 in Unarmed Combat
  5972 | D:5      | Noticed Menkaure
  5980 | D:5      | Killed Sigmund
  5989 | D:5      | Killed Menkaure
  6099 | D:5      | Noticed Prince Ribbit
  6170 | D:5      | Demolished by Prince Ribbit

Skill      XL: |  1  2  3  4  5  6  7  8 |
---------------+-------------------------+-----
Stealth        | 1 2 3 4 6 |  6.5
Unarmed Combat | 4 5 6 7 |  7.3
Transmutations | 3 4 |  4.8
Fighting       | 2 |  2.3
Dodging        | 3 |  3.4
Poison Magic   | 1 |  1.3
Spellcasting   | |  2.9

Action                   |  1- 3 |  4- 6 |  7- 9 || total
-------------------------+-------+-------+-------++-------
Melee: Unarmed           |   144 |   155 |   132 ||   431
       Constrict         |    34 |    30 |     8 ||    72
       Tentacles         |    15 |    16 |    11 ||    42
       Punch             |     5 |     5 |     5 ||    15
 Cast: Sticks to Snakes  |       |     6 |     7 ||    13
       Spider Form       |       |     1 |     4 ||     5
  Use: Scroll            |       |     1 |       ||     1
       Potion            |       |       |     2 ||     2
 Stab: Sleeping          |     2 |     9 |     2 ||    13
       Distracted        |       |     1 |       ||     1
  Eat: Chunk             |     2 |    10 |     8 ||    20
Armor: Skin              |    19 |    19 |    24 ||    62
Dodge: Dodged            |    74 |    89 |    63 ||   226
